Map: Odyssey LE

Players

Jason - Winner!

  • Race: Terran Terran
  • League: Grandmaster
  • Spawn Location: 11:00

FenrisWolf

  • Race: Terran Terran
  • League: Grandmaster
  • Spawn Location: 5:00

VOD

Have the link to the VOD?

Description

Time

  • Played on: July 17, 2017, 6:09 p.m.
  • Length: 6:45
Show
View Real Time Build Order
Export as new Build Order

Jason Terran - Winner!

Build Orders: Reaper Expand 

Get SALT Encoding   

  12  0:02  SCV  
  13  0:14  SCV  
  13  0:19  Supply Depot  
  14  0:26  SCV  
  15  0:29  Refinery  
  15  0:41  SCV  
  16  0:46  Barracks  
  16  0:53  SCV  
  17  1:05  SCV  
  18  1:17  SCV  
  19  1:33  Orbital Command, Reaper  
  20  1:44  Command Center  
  20  1:55  Factory  
  20  1:59  SCV  
  21  2:04  Refinery  
  21  2:07  Barracks Reactor  
  21  2:12  SCV  
  22  2:16  Supply Depot  
  22  2:24  SCV  
  23  2:37  SCV  
  23  2:42  Hellion  
  23  2:43  Marine  
  27  2:44  Starport, Marine  
  27  2:49  SCV  
  29  2:57  Orbital Command  
  29  3:01  Marine  
  29  3:02  Marine  
  31  3:11  Cyclone  
  34  3:13  SCV  
  34  3:19  Marine  
  36  3:20  Marine  
  37  3:27  Medivac  
  37  3:28  SCV  
  37  3:29  SCV  
  41  3:38  Marine x2  
  43  3:42  SCV  
  44  3:50  Cyclone  
  44  3:51  SCV  
  46  3:59  SCV  
  46  4:00  Supply Depot  
  46  4:06  Barracks  
  46  4:09  Marine x2  
  48  4:10  Barracks  
  48  4:11  SCV  
  49  4:24  Factory Tech Lab, Viking  
  51  4:29  SCV  
  51  4:30  SCV  
  53  4:36  Marine x2  
  54  4:53  Marine  
  54  4:54  Barracks Tech Lab, SCV  
  54  4:55  Starport Reactor  
  54  4:57  Barracks Tech Lab  
  56  5:00  SCV  
  56  5:01  Engineering Bay  
  56  5:05  Supply Depot, Refinery  
  56  5:06  SCV, Marine  
  59  5:10  Siege Tank  
  62  5:20  Supply Depot  
  62  5:23  Supply Depot  
  62  5:26  SCV x2  
  64  5:31  Marine x2  
  64  5:32  Supply Depot  
  66  5:38  SCV x2  
  68  5:48  Marine x2  
  68  5:49  Marine  
  65  5:52  Siege Tank, SCV  
  65  5:55  SCV  
  70  5:57  Medivac  
  70  6:00  Marine  
  73  6:04  SCV  
  73  6:05  Marine  
  73  6:06  Marine  
  76  6:12  Marine  
  76  6:14  Supply Depot  
  76  6:17  Marine  
  76  6:18  SCV  
  79  6:23  Marine x2  
  79  6:24  SCV  
  82  6:30  SCV  
Show
View Real Time Build Order
Export as new Build Order

FenrisWolf Terran 

Build Orders: Cyclone Opening 

Get SALT Encoding   

  12  0:05  SCV  
  13  0:17  SCV  
  13  0:21  Supply Depot  
  14  0:30  SCV  
  16  0:42  SCV  
  16  0:43  Barracks  
  16  0:45  Refinery  
  16  0:50  Refinery  
  16  0:55  SCV  
  17  1:07  SCV  
  18  1:19  SCV  
  19  1:32  Factory  
  20  1:35  Orbital Command  
  19  1:41  Reaper  
  20  1:52  Supply Depot  
  20  2:01  SCV  
  21  2:13  SCV, Reaper  
  23  2:16  Cyclone  
  26  2:25  SCV  
  26  2:26  Supply Depot  
  27  2:36  Starport  
  27  2:39  SCV  
  28  2:45  Reaper  
  29  2:51  SCV  
  29  2:53  Orbital Command  
  29  2:55  Cyclone  
  34  3:18  Medivac  
  34  3:29  Supply Depot  
  33  3:45  SCV  
  33  3:47  Command Center  
  33  3:52  Cyclone  
  36  4:02  SCV  
  34  4:11  Starport Tech Lab  
  34  4:12  Barracks  
  34  4:13  Barracks  
  34  4:14  SCV  
  35  4:26  SCV  
  35  4:30  Barracks Tech Lab  
  36  4:38  SCV  
  37  4:50  SCV  
  37  4:51  Factory Tech Lab, Marine  
  35  4:54  Raven  
  35  4:58  Supply Depot  
  37  5:02  SCV  
  37  5:05  Orbital Command  
  38  5:10  Marine  
  38  5:11  Marauder, Marine  
  42  5:14  SCV  
  41  5:22  Siege Tank  
  44  5:28  SCV  
  44  5:33  Marine  
  44  5:45  SCV  
  44  5:49  SCV  
  41  5:51  Marine  
  41  5:57  SCV  
  43  5:59  Marine x2  
  43  6:01  SCV  
  46  6:09  SCV, Marine  
  48  6:16  SCV  
  48  6:17  Command Center  
  49  6:21  SCV  
  49  6:22  Marine  
  49  6:23  Marine  
  54  6:28  SCV  
  55  6:33  SCV, Refinery  
  55  6:34  Refinery  
Tags
 
Add a new tag
Caveats
  • Supply blocks, unpowered buildings, or Contaminate may cause inaccurate times.
  • Supply counts are checked every 10 seconds.